 Dungeon Crawl Stone Soup version 0.13-a0-2474-g552a472 (webtiles) character file.

198370 MrPlanck the Shatterer (level 18, -11/200 HPs)
             Began as an Ogre Berserker on July 17, 2013.
             Was the Champion of Trog.
             Mangled by a balrug
             ... wielding a +2,+0 demon whip of reaching
             ... summoned by a deep elf demonologist
              (26 damage)
             ... on Level 2 of the Elven Halls on July 18, 2013.
             The game lasted 04:18:57 (42981 turns).

MrPlanck the Shatterer (Ogre Berserker)            Turns: 42981, Time: 04:18:57

HP -11/200       AC 14     Str 27      XL: 18   Next: 35%
MP   6/6         EV 24     Int  7      God: Trog [******]
Gold 2654        SH  0     Dex 14      Spells:  0 memorised, 17 levels left

Res.Fire  : . . .   See Invis. : .   b - +0,+3 dire flail of Ycoasedgh {antimagic, Res.Cold : + . . Warding : . A - +2 orc robe {rC+} Life Prot.: + . . Conserve : + (shield restricted)
Res.Poison: +       Res.Corr.  : +   J - +1 wizard hat
Res.Elec. : .       Clarity    : .   j - +2 elf cloak {rCorr, Cons}
Sust.Abil.: . .     Spirit.Shd : .   (gloves unavailable)
Res.Mut.  : .       Stasis     : .   (boots unavailable)
Res.Rott. : .       Flight     : .   G - amulet of the gourmand
Gourmand  : +                        o - +5 ring of evasion
                                     Y - +5 ring of protection

@: liquid flames, about to teleport, glowing, quite resistant to hostile
enchantments, very unstealthy
A: unfitting armour, fast metabolism 1, saprovore 1, tough skin 1
a: Burn Spellbooks, Berserk, Trog's Hand, Brothers in Arms, Renounce Religion,
Evoke Flight
}: 1/15 runes: decaying


You were on level 2 of the Elven Halls.
You worshipped Trog.
Trog was exalted by your worship.
You were not hungry.

You visited 6 branches of the dungeon, and saw 38 of its levels.
You also visited: Labyrinth, Ossuary and Ice Cave.

You collected 2951 gold pieces.
You spent 317 gold pieces at shops.

Inventory:

Hand weapons
 a - the +0,+3 giant spiked club of Hymetunu {crush, +Blink}
   (Trog gifted it to you on level 15 of the Dungeon)

   It inflicts extra damage upon your enemies.
   It lets you blink.
 b - the +0,+3 dire flail of Ycoasedgh (weapon) {antimagic, +Fly rPois rN+}
   (Trog gifted it to you on level 1 of the Swamp)

   It disrupts the flow of magical energy around spellcasters and certain
   magical creatures (including the wielder).
   It protects you from poison.
   It protects you from negative energy.
   It lets you fly.
 C - a +0,+0 short sword of distortion
 D - the +6,+3 giant club of Ifulisy {drain, +Blink +Fly Int+1}
   (Trog gifted it to you on level 6 of the Lair of Beasts)

   A truly terrible weapon, it drains the life of those it strikes.
   It affects your intelligence (+1).
   It lets you fly.
   It lets you blink.
 M - the +1,+7 giant club of Koxuistre {freeze, rF++}
   (Trog gifted it to you on level 3 of the Swamp)

   It has been specially enchanted to freeze those struck by it, causing extra
   injury to most foes and up to double damage against particularly susceptible
   opponents.
   It can also slow down cold-blooded creatures.
   It greatly protects you from fire.
Missiles
 B - 3 javelins of penetration
 R - 4 large rocks (quivered)
Armour
 j - a +2 elven cloak of preservation (worn)
 p - a +0 swamp dragon hide
 A - a +2 orcish robe of cold resistance (worn)
 J - a +1 wizard hat (worn)
 W - a +2 orcish robe of magic resistance
Magical devices
 d - a wand of polymorph (2) {unknown}
 g - a wand of invisibility (1)
 h - a wand of fireball (2)
 i - a wand of teleportation (1)
 s - a wand of cold (2)
 y - a wand of digging (7)
 V - a wand of paralysis (11)
Comestibles
 c - 9 meat rations
 r - a bread ration
 L - a chunk of elf flesh
Scrolls
 f - a scroll of magic mapping
 E - 2 scrolls of identify
 H - 2 scrolls of remove curse
 O - 2 scrolls of blinking
 P - a scroll of silence
 U - 2 scrolls of fear
Jewellery
 e - an uncursed amulet of resist mutation
 l - an uncursed ring of ice
 o - a +5 ring of evasion (right hand)
 u - an uncursed ring of sustenance
 v - an uncursed amulet of clarity
 G - an amulet of the gourmand (around neck)
 K - an uncursed ring of flight
 N - an uncursed ring of regeneration
 Q - an uncursed ring of protection from magic
 S - an uncursed ring of fire
 Y - a +5 ring of protection (left hand)
Potions
 k - a potion of agility
 n - a potion of speed
 t - 3 potions of flight
 w - 2 potions of might
 x - 3 potions of curing
 z - 5 potions of heal wounds
 I - 3 potions of resistance
Miscellaneous
 q - a sack of spiders
 F - a phial of floods
Rods
 Z - a +5 rod of warding (9/9)
   (You found it in a labyrinth)


   Skills:
 + Level 18.8 Fighting
   Level 2.5 Long Blades
 - Level 25.0 Maces & Flails
 + Level 3.3 Throwing
 * Level 16.4 Dodging
 + Level 1.9 Evocations


You had 17 spell levels left.
You didn't know any spells.

Dungeon Overview and Level Annotations

Branches:
Dungeon (18/27)            Temple (1/1) D:5             Orc (4/4) D:6
    Elf (2/3) Orc:3          Lair (8/8) D:10          Swamp (5/5) Lair:3
  Snake (0/5) Lair:4        Slime (0/6) Lair:6       Vaults (0/5) D:18

Altars:
Ashenzari
Makhleb
Okawaru
Zin
the Shining One

Shops:
D:4: * D:6: ( D:15: ! Orc:4: *(%(

Portals:
Hell: Lair:8

Annotations
Lair:1 exclusion: oklob plant


Innate Abilities, Weirdness & Mutations

You are too large for most types of armour.
You have a fast metabolism.
You can tolerate rotten meat.
You have tough skin (AC +1).


Message History

You are covered in liquid flames!
The blue devil closely misses you. The smoke demon gestures at you.
Something smites you!
The balrug hits you with a runed demon whip!
* * * LOW HITPOINT WARNING * * *
You are engulfed in flames!
* * * LOW HITPOINT WARNING * * *
Drink which item? (? for menu, Esc to quit)
You feel much better.
You are covered in liquid flames!
* * * LOW HITPOINT WARNING * * *
The deep elf demonologist zaps a wand.
The bolt of negative energy misses you. The smoke demon gestures at you.
Something smites you!
* * * LOW HITPOINT WARNING * * *
The balrug hits you with a runed demon whip!
* * * LOW HITPOINT WARNING * * *
You are engulfed in flames!
You die...

#.....83e..##..* **,,,** *
#..>.....1f...#***,,,, **
#....38..#....#**.,,*,,,**
#...23..###...##...***,,,*
*#..8..####.......#* **,,
*#..5# #.......#* **,,
###.####..#....## **,,
##.##.%.......#* **,,,
##.#@4...##...#**,,,*
##e.2..##**, ,*,,,**
#.3..## **,,, ,** ##...##
**,,,** ##...## **,**
##.<..# *** *#[....#
*#.....## #......#


You could see a balrug, a deep elf demonologist, a smoke demon and a blue devil.

Vanquished Creatures
  Frances (D:18)
  Aizul (D:15)
  An elemental wellspring (D:16)
  2 dire elephants (Lair:8)
  The ghost of throttle the Fighter, a powerful GrFi of Cheibriados (Orc:4)
  2 yaktaur captains (D:18)
  A minotaur (Lab)
  2 dragons
  A deep elf high priest (Elf:2)
  Fannar (Lair:1)
  Harold (Lair:3)
  Josephine (D:10)
  29 hydras
  Erica (Lair:1)
  An ettin (D:15)
  8 alligators
  4 orc high priests (Orc:4)
  10 death yaks
  7 centaur warriors
  2 soul eaters (Orc:4)
  Nergalle (D:11)
  Urug (D:11)
  9 deep elf knights
  8 skeletal warriors
  A sun demon (Lair:8)
  9 ice devils
  An unseen horror (D:16)
  10 swamp dragons
  2 wizards
  2 ice statues (IceCv)
  3 giant amoebae (Lair:6)
  9 orc knights
  A wolf spider zombie (D:12)
  11 orc sorcerers
  7 deep elf conjurers
  4 hill giants
  4 harpies (D:17)
  4 griffons
  4 red wasps
  A wolf spider (D:18)
  8 elephants
  10 cyclopes
  An orange demon (Lair:8)
  4 deep elf summoners (Elf:1)
  3 feature mimics
  3 black mambas
  An eye of devastation (D:17)
  19 spiny frogs
  2 yaktaurs (shapeshifter)
  6 hellwings
  A vapour (Swamp:4)
  4 fire drakes
  A queen bee (shapeshifter) (D:15)
  A smoke demon (Lair:8)
  7 deep elf priests (Elf:1)
  5 komodo dragons
  5 blue devils
  4 yaktaurs (D:18)
  2 red devils
  A wandering mushroom (D:18)
  9 trolls
  An anaconda simulacrum (IceCv)
  4 baby alligators (Swamp:1)
  10 giant leeches
  A jumping spider (Elf:1)
  Prince Ribbit (D:7)
  Sonja (D:15)
  4 bog bodies
  3 two-headed ogres
  37 slime creatures
  A griffon zombie (D:16)
  3 wraiths
  A spectral orc (D:10)
  A dragon zombie (D:15)
  12 blink frogs
  A vampire (D:17)
  4 shadows
  6 water elementals
  A trapdoor spider (D:11)
  A tarantella (Elf:1)
  9 deep elf magi
  A tarantella (shapeshifter) (D:13)
  2 dire elephant simulacra (IceCv)
  2 chaos spawn
  A brown ooze (Lair:6)
  A redback (Elf:1)
  26 ugly things
  A hill giant zombie (D:10)
  53 yaks
  4 sharks
  Grum (D:12)
  2 elephant slugs (Lair:8)
  6 wyverns
  A ynoxinul (Orc:4)
  10 hippogriffs
  A steam dragon (D:8)
  40 vampire mosquitoes
  2 basilisks
  3 harpy simulacra (IceCv)
  22 deep elf fighters
  3 hungry ghosts
  3 hydra simulacra (IceCv)
  A hill giant skeleton (D:8)
  7 manticores
  47 swamp worms
  11 swamp drakes
  14 wolves
  Edmund (Orc:1)
  6 porcupines
  A soldier ant (D:13)
  8 ice beasts
  4 black bears
  2 dwarves (Lair:2)
  25 orc warriors
  A sky beast (D:8)
  A phantom (D:8)
  A boring beetle (Lair:8)
  11 giant goldfish
  10 centaurs
  12 ogres
  A yellow wasp (D:15)
  5 rotting devils (Lair:8)
  An ettin simulacrum (IceCv)
  Sigmund (D:2)
  12 crocodiles
  6 giant slugs
  2 brain worms
  A giant slug zombie (D:15)
  5 wargs (Orc:4)
  20 giant frogs
  2 yaktaur skeletons
  26 water moccasins
  A cyclops zombie (D:13)
  8 agate snails
  A manticore zombie (D:13)
  2 eyes of draining
  28 insubstantial wisps
  A yak zombie (D:9)
  6 big kobolds
  A cyclops skeleton (D:15)
  A hippogriff zombie (D:12)
  7 jellyfish
  Duvessa (Orc:1)
  11 electric eels
  A rock worm zombie (D:18)
  A yak skeleton (D:12)
  8 killer bees
  6 crimson imps
  2 giant frog zombies
  Dowan (Orc:1)
  10 big fish
  9 hounds
  2 quasits
  2 spiders (Elf:1)
  A centaur zombie (D:11)
  A two-headed ogre zombie (D:10)
  22 orc priests
  4 water moccasin zombies (Ossuary)
  A centaur skeleton (D:12)
  A giant frog skeleton (D:10)
  An iron imp (Elf:1)
  A black bear skeleton (D:9)
  4 orange rats
  11 iguanas
  5 scorpions
  30 orc wizards
  9 worker ants
  3 goliath beetles
  4 big kobold zombies (Ossuary)
  A shapeshifter simulacrum (D:17)
  Jessica (D:2)
  2 jellies
  12 sheep
  A hound zombie (D:10)
  2 mottled dragon skeletons
  4 boggarts (D:17)
  2 mummies (Ossuary)
  A worker ant zombie (D:6)
  19 adders
  6 giant centipedes
  3 gnolls (D:6)
  29 green rats
  A lemure (Elf:1)
  A shadow imp (Elf:1)
  A giant mite (D:1)
  A worker ant simulacrum (D:10)
  8 worms
  5 ufetubi (Orc:4)
  An adder skeleton (D:4)
  2 adder zombies (Ossuary)
  An iguana skeleton (D:4)
  3 giant eyeballs
  8 giant geckos
  2 oozes
  174 orcs
  A bat skeleton (D:4)
  5 gnoll zombies (Ossuary)
  17 goblins
  7 grey rats (D:14)
  18 hobgoblins
  17 jackals
  29 kobolds
  11 quokkas
  2 ball pythons
  25 bats
  3 giant cockroaches
  2 giant newts (D:5)
  2 giant spores
  A goblin skeleton (D:5)
  3 hobgoblin zombies (Ossuary)
  A kobold skeleton (D:4)
  3 kobold zombies (Ossuary)
  8 orc zombies
  A quokka zombie (D:7)
  24 rats
  A rat zombie (D:7)
  13 ballistomycetes
  4 fungi
  2 plants
1497 creatures vanquished.

Vanquished Creatures (collateral kills)
  2 yaks (D:9)
  2 hippogriffs (D:9)
  A black bear (D:9)
  A crocodile (D:9)
  A hobgoblin (D:9)
  A kobold (D:9)
8 creatures vanquished.

Vanquished Creatures (others)
  An alligator (Swamp:5)
  A vapour (Swamp:5)
  A deep elf mage (Elf:1)
  3 baby alligators (Swamp:5)
  A water moccasin (Swamp:5)
  2 orc wizards
  A big fish (Swamp:1)
  A boggart (D:17)
  A green rat (Lair:3)
  2 chimeras (Lair:5)
  An orc (Orc:4)
  A giant spore (D:7)
  A rat (Lair:1)
  20 fungi (Lair:8)
  9 plants
46 creatures vanquished.

Grand Total: 1551 creatures vanquished

Notes
Turn   | Place    | Note
--------------------------------------------------------------
     0 | D:1      | MrPlanck, the Ogre Berserker, began the quest for the Orb.
     0 | D:1      | Reached XP level 1. HP: 23/23 MP: 0/0
    20 | D:1      | Reached XP level 2. HP: 26/32 MP: 1/1
   647 | D:1      | Reached XP level 3. HP: 29/39 MP: 2/2
   861 | D:2      | Noticed Jessica
   876 | D:2      | Killed Jessica
   876 | D:2      | Acquired Trog's second power
   932 | D:2      | Noticed Sigmund
  1135 | D:2      | Reached XP level 4. HP: 45/48 MP: 3/3
  1175 | D:2      | Reached skill level 5 in Maces & Flails
  1634 | D:2      | Killed Sigmund
  1634 | D:2      | Reached skill level 5 in Fighting
  1634 | D:2      | Reached XP level 5. HP: 55/55 MP: 4/4
  2170 | D:3      | Reached skill level 6 in Maces & Flails
  2430 | D:3      | Reached XP level 6. HP: 60/65 MP: 5/5
  3155 | D:4      | Found Xatokey's Assorted Antiques.
  3166 | D:4      | Bought a potion of curing for 58 gold pieces
  3167 | D:4      | Bought a cloak for 29 gold pieces
  3228 | D:4      | Paralysed by a giant eyeball for 3 turns
  3339 | D:4      | Reached skill level 7 in Maces & Flails
  4032 | D:5      | Entered Level 5 of the Dungeon
  4133 | D:5      | Found a staircase to the Ecumenical Temple.
  4143 | Temple   | Entered the Ecumenical Temple
  4221 | D:5      | Reached XP level 7. HP: 53/72 MP: 6/6
  4289 | D:5      | Acquired Trog's third power
  4439 | D:5      | Reached skill level 5 in Dodging
  4578 | D:5      | Found a shattered altar of Ashenzari.
  4881 | D:6      | Reached skill level 8 in Maces & Flails
  5090 | D:6      | Found Smueh's Weapon Emporium.
  5128 | D:6      | Reached XP level 8. HP: 78/81 MP: 7/7
  5227 | D:6      | Found a staircase to the Orcish Mines.
  5277 | D:6      | Reached skill level 9 in Maces & Flails
  5759 | D:7      | Found a sand-covered staircase.
  5787 | Ossuary  | Entered an ossuary
  6109 | Ossuary  | Reached skill level 1 in Traps
  6315 | D:7      | Reached skill level 10 in Maces & Flails
  6401 | D:7      | Noticed Prince Ribbit
  6444 | D:8      | Reached XP level 9. HP: 55/92 MP: 8/8
  6709 | D:7      | Identified a +2 elven cloak of preservation (You found it on level 7 of the Dungeon)
  6738 | D:7      | Found a glowing golden altar of the Shining One.
  6749 | D:7      | Found a glowing silver altar of Zin.
  6825 | D:7      | Killed Prince Ribbit
  6873 | D:7      | Reached skill level 11 in Maces & Flails
  6973 | D:8      | Reached skill level 1 in Throwing
  7077 | D:8      | Paralysed by a giant eyeball for 2 turns
  7882 | D:9      | Reached XP level 10. HP: 81/102 MP: 9/9
  7932 | D:9      | Reached skill level 12 in Maces & Flails
  8194 | D:9      | Reached skill level 10 in Fighting
  8729 | D:10     | Entered Level 10 of the Dungeon
  8739 | D:10     | Reached skill level 13 in Maces & Flails
  8783 | D:10     | Found a staircase to the Lair.
  8783 | D:10     | Noticed an elephant
  8811 | D:10     | Killed an elephant
  9200 | D:10     | Noticed a hill giant
  9228 | D:10     | Killed a hill giant
  9228 | D:10     | Reached XP level 11. HP: 94/113 MP: 10/10
  9254 | D:10     | Noticed Josephine
  9758 | D:10     | Reached skill level 14 in Maces & Flails
  9809 | Lair:1   | Entered Level 1 of the Lair of Beasts
 10030 | Lair:1   | Received a gift from Trog
 10237 | Lair:1   | Noticed Erica
 10254 | Lair:1   | Killed Erica
 10628 | Lair:1   | Noticed Fannar
 10641 | Lair:1   | Killed Fannar
 10641 | Lair:1   | Reached skill level 15 in Maces & Flails
 10858 | Lair:2   | Found a labyrinth entrance.
 10897 | Lab      | Entered a labyrinth
 11011 | Lab      | Noticed a minotaur
 11023 | Lab      | Killed a minotaur
 11023 | Lab      | Reached skill level 10 in Dodging
 11026 | Lab      | Got a shimmering robe
 11031 | Lab      | Identified a +3 rod of warding (9/9) (You found it in a labyrinth)
 11032 | Lab      | Identified a +5 rod of warding (9/9) (You found it in a labyrinth)
 11081 | Lair:1   | Identified the +0 robe "Xuezakan" {rC+} (You found it in a labyrinth)
 11385 | Lair:2   | Reached XP level 12. HP: 113/126 MP: 11/11
 11442 | Lair:2   | Found an iron altar of Okawaru.
 11793 | Lair:3   | Reached skill level 16 in Maces & Flails
 12406 | Lair:3   | Found a staircase to the Swamp.
 12694 | Lair:3   | Received a gift from Trog
 12868 | Lair:3   | Noticed Harold
 12877 | Lair:3   | Killed Harold
 13272 | Lair:4   | Noticed a five-headed hydra
 13276 | Lair:4   | Killed a five-headed hydra
 13589 | Lair:4   | Found a staircase to the Snake Pit.
 14433 | Lair:5   | Noticed a seven-headed hydra
 14447 | Lair:5   | Killed a seven-headed hydra
 14447 | Lair:5   | Reached skill level 17 in Maces & Flails
 14662 | Lair:5   | Noticed a six-headed hydra
 14672 | Lair:5   | Killed a four-headed hydra
 14672 | Lair:5   | Reached skill level 1 in Long Blades
 14723 | Lair:5   | Found a staircase to the Shoals.
 14729 | Lair:5   | the staircase to the Shoals was a mimic.
 15498 | Lair:6   | Found a staircase to the Slime Pits.
 15520 | Lair:6   | Received a gift from Trog
 15521 | Lair:6   | Got a crude giant club {god gift}
 15522 | Lair:6   | Identified the giant club of Ifulisy {god gift, drain, +Blink +Fly Int+1} (Trog gifted it to you on level 6 of the Lair of Beasts)
 15529 | Lair:6   | Noticed a death yak
 15542 | Lair:6   | Noticed a death yak
 15543 | Lair:6   | Noticed a death yak
 15544 | Lair:6   | Noticed a death yak
 15572 | Lair:6   | Killed a death yak
 15573 | Lair:6   | Noticed a death yak
 15574 | Lair:6   | Noticed a death yak
 15583 | Lair:6   | Killed a death yak
 15587 | Lair:6   | Killed a death yak
 15587 | Lair:6   | Reached XP level 13. HP: 118/136 MP: 11/13
 15594 | Lair:6   | Killed a death yak
 15598 | Lair:6   | Killed a death yak
 15598 | Lair:6   | Reached skill level 18 in Maces & Flails
 15928 | Lair:6   | Noticed a death yak
 15928 | Lair:6   | Noticed a death yak
 15928 | Lair:6   | Noticed a death yak
 15967 | Lair:6   | Killed a death yak
 15974 | Lair:6   | Killed a death yak
 15976 | Lair:6   | Killed a death yak
 15978 | Lair:6   | Killed a death yak
 16459 | Lair:7   | Received a gift from Trog
 17221 | Lair:8   | Entered Level 8 of the Lair of Beasts
 17512 | Lair:8   | Reached skill level 19 in Maces & Flails
 17623 | Lair:8   | Received a gift from Trog
 17655 | Lair:8   | Noticed a dire elephant
 17722 | Lair:8   | Killed a dire elephant
 17722 | Lair:8   | Reached skill level 1 in Evocations
 18308 | Lair:8   | Reached XP level 14. HP: 149/149 MP: 15/15
 18377 | Lair:8   | Noticed a dire elephant
 18535 | Lair:8   | Killed a dire elephant
 18698 | Lair:8   | Reached skill level 15 in Fighting
 18719 | Lair:8   | Paralysed by a wizard for 2 turns
 18798 | Lair:8   | Found a burning altar of Makhleb.
 19212 | Lair:8   | Received a gift from Trog
 19707 | Lair:8   | Reached skill level 20 in Maces & Flails
 19711 | Lair:8   | Found a gateway to Hell.
 20322 | Orc:1    | Entered Level 1 of the Orcish Mines
 20500 | Orc:1    | Noticed Edmund
 20509 | Orc:1    | Killed Edmund
 20591 | Orc:1    | Received a gift from Trog
 20790 | Orc:1    | Noticed Dowan
 20792 | Orc:1    | Noticed Duvessa
 20794 | Orc:1    | Killed Dowan
 20797 | Orc:1    | Killed Duvessa
 21203 | Orc:2    | Received a gift from Trog
 21227 | Orc:2    | Got a fine giant club {god gift}
 21228 | Orc:2    | Identified the giant club of Trog {god gift, holy, Noisy Dex+3 Int-4 Stlth--} (Trog gifted it to you on level 2 of the Orcish Mines)
 21484 | Orc:3    | Found a staircase to the Elven Halls.
 21863 | Orc:4    | Entered Level 4 of the Orcish Mines
 21866 | Orc:4    | Paralysed by an orc sorcerer for 3 turns
 22114 | Orc:4    | Received a gift from Trog
 22233 | Orc:4    | Found a staircase to the Elven Halls.
 23034 | Orc:4    | Noticed throttle's ghost (powerful GrFi)
 23056 | Orc:4    | Killed throttle's ghost
 23122 | Orc:4    | Received a gift from Trog
 23456 | Orc:4    | Reached skill level 21 in Maces & Flails
 23782 | Orc:4    | Found Xabin's General Store.
 23784 | Orc:4    | Found Jasijou's Weapon Emporium.
 23794 | Orc:4    | Found Pliaqay's Weapon Boutique.
 23799 | Orc:4    | Found Bedyodd's Food Boutique.
 23810 | Orc:4    | Bought a potion of heal wounds for 39 gold pieces
 23810 | Orc:4    | Bought a scroll of identify for 26 gold pieces
 23810 | Orc:4    | Bought a scroll of magic mapping for 45 gold pieces
 23852 | Orc:4    | the staircase to the Elven Halls was a mimic.
 23985 | Orc:3    | Received a gift from Trog
 24349 | D:10     | Killed Josephine
 24623 | D:11     | Noticed Urug
 24652 | D:11     | Killed Urug
 24652 | D:11     | Reached XP level 15. HP: 125/161 MP: 17/17
 24906 | D:11     | Noticed Nergalle
 24922 | D:11     | Killed Nergalle
 25466 | D:12     | Noticed Grum
 25489 | D:12     | Killed Grum
 26966 | D:13     | Reached skill level 22 in Maces & Flails
 27166 | D:14     | Entered Level 14 of the Dungeon
 27268 | D:14     | Received a gift from Trog
 27882 | D:15     | Entered Level 15 of the Dungeon
 27896 | D:15     | Found Kypsiady's Distillery.
 27901 | D:15     | Bought a potion of curing for 30 gold pieces
 27901 | D:15     | Bought a potion of heal wounds for 45 gold pieces
 27901 | D:15     | Bought a potion of heal wounds for 45 gold pieces
 28103 | D:15     | Noticed Sonja
 28111 | D:15     | Killed Sonja
 28528 | D:15     | Received a gift from Trog
 28537 | D:15     | Got a jewelled giant spiked club {god gift}
 28538 | D:15     | Identified the giant spiked club of Hymetunu {god gift, crush, +Blink} (Trog gifted it to you on level 15 of the Dungeon)
 28687 | D:15     | Noticed Aizul
 28705 | D:15     | Killed Aizul
 29247 | D:16     | Paralysed by a yellow wasp for 3 turns
 29925 | D:16     | Received a gift from Trog
 29932 | D:16     | Got a crystal giant spiked club {god gift}
 30051 | D:16     | Identified the giant spiked club "Waabrur" {god gift, flame, *Tele MR++ Dex+2} (Trog gifted it to you on level 16 of the Dungeon)
 30133 | D:16     | Reached XP level 16. HP: 156/175 MP: 18/18
 30810 | D:17     | Got a faintly glowing robe
 30819 | D:17     | Identified the cursed +0 robe of Zin's Hope {Dex+4} (You found it on level 17 of the Dungeon)
 30901 | D:17     | Reached skill level 23 in Maces & Flails
 31193 | D:17     | ooh
 31809 | D:18     | Found a staircase to the Vaults.
 31916 | D:18     | Received a gift from Trog
 31963 | D:18     | Got a warped giant spiked club {god gift}
 31964 | D:18     | Identified the giant spiked club of Eternal Torment {god gift, flame, rC+ Stlth+} (Trog gifted it to you on level 18 of the Dungeon)
 32105 | D:18     | Identified the Disquisition on Companions (You found it on level 18 of the Dungeon)
 32557 | D:18     | the asshole at the back, firing flaming arrows, dies a slow death
 33052 | D:18     | Noticed Frances
 33064 | D:18     | Killed Frances
 33683 | Swamp:1  | Entered Level 1 of the Swamp
 34507 | Swamp:1  | Received a gift from Trog
 34510 | Swamp:1  | Got a steaming dire flail {god gift}
 34511 | Swamp:1  | Identified the dire flail of Ycoasedgh {god gift, antimagic, +Fly rPois rN+} (Trog gifted it to you on level 1 of the Swamp)
 34785 | Swamp:1  | Reached XP level 17. HP: 184/187 MP: 19/19
 35637 | Swamp:3  | Reached skill level 24 in Maces & Flails
 36063 | Swamp:3  | Received a gift from Trog
 36089 | Swamp:3  | Got a bloodstained giant club {god gift}
 36090 | Swamp:3  | Identified the giant club of Koxuistre {god gift, freeze, rF++} (Trog gifted it to you on level 3 of the Swamp)
 36610 | Swamp:4  | Reached skill level 15 in Dodging
 37856 | Swamp:5  | Entered Level 5 of the Swamp
 37916 | Swamp:5  | Received a gift from Trog
 38727 | Swamp:5  | Upgraded the game from 0.13-a0-2450-ga447c6a to 0.13-a0-2474-g552a472
 39168 | Swamp:5  | Got a decaying rune of Zot
 39865 | Elf:1    | Entered Level 1 of the Elven Halls
 40648 | Elf:1    | Reached XP level 18. HP: 181/198 MP: 20/20
 40752 | Elf:1    | Received a gift from Trog
 41727 | Elf:2    | Found a frozen archway.
 41742 | IceCv    | Entered an ice cave
 42191 | IceCv    | Noticed an Ice Fiend
 42585 | Elf:2    | Reached skill level 25 in Maces & Flails
 42609 | Elf:2    | Noticed a Hell Sentinel
 42981 | Elf:2    | Mangled by a balrug

Action                   |  1- 3 |  4- 6 |  7- 9 | 10-12 | 13-15 | 16-18 || total
-------------------------+-------+-------+-------+-------+-------+-------++-------
Melee: Mace              |    78 |   241 |   514 |       |       |       ||   833
       Flail             |       |       |    39 |   301 |       |       ||   340
       Giant club        |       |       |       |   342 |  1239 |    10 ||  1591
       Great mace        |       |       |       |   157 |    53 |     7 ||   217
       Scimitar          |       |       |       |     2 |     6 |       ||     8
       Dire flail        |       |       |       |       |     3 |   326 ||   329
       Giant spiked club |       |       |       |       |   134 |  1133 ||  1267
       Unarmed           |       |       |       |       |     1 |       ||     1
Throw: Club              |     8 |     2 |       |       |       |       ||    10
       Dart              |     3 |       |    12 |     2 |     1 |       ||    18
       Dagger            |       |       |     3 |     4 |       |       ||     7
       Javelin           |       |       |     6 |    11 |    22 |       ||    39
       Large rock        |       |       |       |       |    14 |    31 ||    45
Invok: Berserk           |     1 |     3 |     3 |     4 |     2 |       ||    13
       Trog's Hand       |       |     3 |     2 |     7 |    12 |     8 ||    32
       Brothers in Arms  |       |       |       |     1 |       |       ||     1
       Burn Spellbooks   |       |       |       |     1 |     2 |       ||     3
 Abil: Evoke Flight      |       |       |       |       |       |     6 ||     6
       Evoke Blink       |       |       |       |       |       |     4 ||     4
Evoke: Wand              |       |       |     1 |     7 |    20 |    13 ||    41
       Miscellaneous     |       |       |       |     4 |       |     1 ||     5
       Rod               |       |       |       |       |     1 |       ||     1
  Use: Scroll            |     1 |    13 |    15 |    23 |    13 |    18 ||    83
       Potion            |       |     1 |     1 |     4 |     8 |     9 ||    23
 Stab: Sleeping          |       |       |     1 |     7 |     3 |     8 ||    19
       Invisible         |       |       |       |       |     5 |    16 ||    21
       Distracted        |       |       |       |       |     3 |     1 ||     4
       Fleeing           |       |       |       |       |       |     1 ||     1
